Senators vs Mustangs
(R1)
Created - April 9, 2019 at 19:02
Goals
|
| Senators |
0 |
2 |
1 |
3 |
| Mustangs |
4 |
3 |
1 |
8 |
|
Shots
|
| Senators |
6 |
6 |
11 |
23 |
| Mustangs |
14 |
16 |
11 |
41 |
|
1st period
1. Mustangs , Riley Nash 5 (Jerome Samson 18, Derek Joslin 34) at 9:15
2. Mustangs , Teuvo Teravainen 38 (Jim O'Brien 37) at 10:18 (PP)
3. Mustangs , Teuvo Teravainen 39 (Jim O'Brien 38) at 16:52
4. Mustangs , Mark Pysyk 3 (Joshua Leivo 21) at 19:14 (SH)
Penalties :
Stephane Da Costa (BIN) for Holding (Minor) at 10:10, Andrew Shaw (Ham) for Interference (Minor) at 17:27
2nd period
5. Mustangs , Jim O'Brien 31 (Mark Pysyk 28, Andrew Shaw 50) at 1:00
6. Senators , Scott Harrington 4 (Matt Frattin 34, Nick Foligno 43) at 1:52
7. Mustangs , Andrew Shaw 39 (Derek Joslin 35, Scott Mayfield 12) at 8:25
8. Mustangs , Curtis Hamilton 11 (Brady Skjei 55, Joacim Eriksson) at 14:28
9. Senators , Gabriel Bourque 51 (Stephane Da Costa 62, Scott Harrington 6) at 15:23
Penalties :
Jim O'Brien (Ham) for Hooking (Minor) at 3:07, Olli Maatta (BIN) for Holding (Minor) at 8:28, Arturs Kulda (BIN) for High sticking (Minor) at 10:36
3rd period
10. Mustangs , Jerome Samson 16 (JT Compher 11, Riley Nash 6) at 3:49
11. Senators , Gabriel Bourque 52 (Stephane Da Costa 63, Marc-André Bernier 5) at 14:24
Penalties :
Stefan Matteau (Ham) for Hooking (Minor) at 0:40, Gabriel Bourque (BIN) for Interference (Minor) at 3:56, Joshua Leivo (Ham) for Hooking (Minor) at 10:17, Michael McCarron (Ham) for Fighting (Major) at 17:11, Marc-André Bernier (BIN) for Fighting (Major) at 17:11, Mark Pysyk (Ham) for Hooking (Minor) at 17:14, Mason Geertsen (BIN) for Slashing (Minor) at 19:33
Goalie Stats
Ben Bishop (BIN), 23 saves from 27 shots - (0.852), 40:46 minutes
Brad Thiessen (BIN), 10 saves from 14 shots - (0.714), L, 21-17-8, 19:14 minutes
Joacim Eriksson (Ham), 20 saves from 23 shots - (0.870), W, 7-9-2, 60:00 minutes
Players Stats for Senators
Player Name G A P +/- PIM S H SB GA TA FO MP PP MP PK MP
------------------------------------------------------------------------------------
Arturs Kulda 0 0 0 -2 2 0 1 3 0 1 0/0 26:31 4:52 2:53
Chandler Stephenson 0 0 0 -2 0 0 0 0 0 0 2/5 6:57 0:00 0:00
Gabriel Bourque 2 0 2 -1 2 4 1 0 2 0 3/3 22:54 5:07 2:27
Johannes Salmonsson 0 0 0 -1 0 1 0 0 1 0 0/0 11:51 0:00 2:23
Keegan Lowe 0 0 0 -2 0 0 0 0 0 0 0/0 12:38 0:00 0:00
Marc-André Bernier 0 1 1 -1 5 0 2 0 0 0 0/0 19:19 4:06 0:00
Mason Geertsen 0 0 0 -2 2 0 1 1 0 0 0/0 14:33 0:00 2:16
Matt Frattin 0 1 1 0 0 1 2 1 1 0 0/0 16:19 4:41 0:00
Nick Foligno 0 1 1 0 0 2 2 0 1 1 0/0 17:29 4:41 1:06
Olli Maatta 0 0 0 -2 2 2 1 0 0 2 0/0 25:59 4:52 2:48
Phil Di Giuseppe 0 0 0 -2 0 3 2 2 1 0 0/1 9:13 0:00 2:16
Samuel Morin 0 0 0 0 0 0 3 0 0 0 0/0 19:56 5:03 2:25
Scott Harrington 1 1 2 0 0 2 1 1 0 1 0/0 20:14 5:03 2:40
Sebastian Wannstrom 0 0 0 -2 0 2 1 0 0 0 0/0 7:13 0:06 0:00
Stephane Da Costa 0 2 2 -1 2 5 1 2 3 0 17/41 23:57 5:08 3:29
Tomas Jurco 0 0 0 -1 0 0 0 2 0 0 0/0 10:22 0:43 0:00
Tommy Wingels 0 0 0 0 0 1 0 0 2 0 4/9 16:19 4:41 0:00
Zemgus Girgensons 0 0 0 -1 0 0 2 0 0 0 3/5 11:39 0:32 1:21
Players Stats for Mustangs
Player Name G A P +/- PIM S H SB GA TA FO MP PP MP PK MP
------------------------------------------------------------------------------------
Alexei Marchenko 0 0 0 4 0 1 3 2 1 1 0/0 21:14 2:45 4:19
Andrew Shaw 1 1 2 1 2 5 3 0 0 0 0/1 20:25 3:25 1:55
Brady Skjei 0 1 1 0 0 1 1 1 0 3 0/0 29:04 3:46 5:36
Curtis Hamilton 1 0 1 0 0 2 0 0 2 0 0/0 7:56 0:08 0:21
Damon Severson 0 0 0 0 0 2 3 0 0 2 0/0 29:04 3:46 5:36
Derek Joslin 0 2 2 0 0 2 1 2 0 0 0/0 10:52 0:00 1:10
Jerome Samson 1 1 2 2 0 2 0 0 0 0 2/2 9:24 0:08 0:00
Jim O'Brien 1 2 3 1 2 3 2 0 0 0 17/35 22:39 3:23 4:34
Josh Jooris 0 0 0 1 0 5 1 0 0 1 1/1 19:36 2:58 5:25
Joshua Leivo 0 1 1 1 2 3 0 0 0 0 0/0 17:32 2:58 2:14
JT Compher 0 1 1 2 0 2 0 0 0 0 0/0 9:10 0:00 0:00
Mark Pysyk 1 1 2 4 2 1 1 0 0 0 0/0 20:14 2:45 3:09
Max Gortz 0 0 0 -1 0 0 0 0 0 2 0/0 7:21 0:00 0:00
Michael McCarron 0 0 0 0 5 0 0 0 0 0 1/2 9:24 0:00 1:39
Riley Nash 1 1 2 2 0 3 1 0 0 0 3/6 10:07 0:00 0:36
Scott Mayfield 0 1 1 0 0 2 1 0 0 2 0/0 9:42 0:00 0:00
Stefan Matteau 0 0 0 1 2 3 3 0 1 0 10/15 18:22 3:08 3:06
Teuvo Teravainen 2 0 2 1 0 4 2 0 1 0 1/2 17:53 3:25 0:00
3 Stars
1 - Teuvo Teravainen (Ham)
2 - Mark Pysyk (Ham)
3 - Riley Nash (Ham)
Power Play
Senators - 0 on 5 Attempt(s) - 0.00%
Mustangs - 1 on 5 Attempt(s) - 20.00%
Penalty Kill
Senators - 4 on 5 Attempt(s) - 80.00%
- Score 0 goal in Penalty Kill
Mustangs - 5 on 5 Attempt(s) - 100.00%
- Score 1 goal in Penalty Kill
Team Stat
Senators - Hits : 20 - Faceoff Wins : 29 - Blocked Shots : 12 - Penalty Minutes : 15
Mustangs - Hits : 22 - Faceoff Wins : 35 - Blocked Shots : 5 - Penalty Minutes : 15
Official
Referees : Unknown
Linesman : Unknown
Game Notes
Ben Bishop enters game at 19:14 of 1st period
Michael McCarron and Marc-André Bernier fight to a draw at 17:11 of 3rd period
Finance
Level 1 -- Attendance: 1586 (79.30%) -- Ticket Income $63,440
Level 2 -- Attendance: 707 (70.70%) -- Ticket Income $14,140
Total Attendance: 2293 (76.43%)
Total Ticket Income: $77,580
Other Income: $3,879
Total Income: $81,459
Senators
5 vs 5 Forward
Center Left Wing Right Wing Time % Phy DF OF
1 Stephane Da Costa Gabriel Bourque Marc-André Bernier 40 1 2 2
2 Tommy Wingels Nick Foligno Matt Frattin 30 1 2 2
3 Zemgus Girgensons Johannes Salmonsson Tomas Jurco 20 1 2 2
4 Chandler Stephenson Phil Di Giuseppe Sebastian Wannstrom 10 1 2 2
5 vs 5 Defense
Defense Defense Time % Phy DF OF
1 Arturs Kulda Olli Maatta 40 1 2 2
2 Samuel Morin Scott Harrington 30 1 2 2
3 Keegan Lowe Mason Geertsen 20 1 2 2
4 Arturs Kulda Olli Maatta 10 1 2 2
PowerPlay Forward
Center Left Wing Right Wing Time % Phy DF OF
1 Stephane Da Costa Gabriel Bourque Marc-André Bernier 60 1 2 2
2 Tommy Wingels Nick Foligno Matt Frattin 40 1 2 2
PowerPlay Defense
Defense Defense Time % Phy DF OF
1 Arturs Kulda Olli Maatta 60 1 2 2
2 Samuel Morin Scott Harrington 40 1 2 2
Penalty Kill 4 Players Forward
Center Wing Time % Phy DF OF
1 Stephane Da Costa Gabriel Bourque 60 1 2 2
2 Nick Foligno Johannes Salmonsson 40 1 2 2
Penalty Kill 4 Players Defense
Defense Defense Time % Phy DF OF
1 Arturs Kulda Olli Maatta 60 1 2 2
2 Samuel Morin Scott Harrington 40 1 2 2
Penalty Kill - 3 Players Forward
Forward Time % Phy DF OF
1 Stephane Da Costa 60 1 2 2
2 Gabriel Bourque 40 1 2 2
Penalty Kill - 3 Players Defense
Defense Defense Time % Phy DF OF
1 Arturs Kulda Olli Maatta 60 1 2 2
2 Samuel Morin Scott Harrington 40 1 2 2
4 vs 4 Forward
Center Wing Time % Phy DF OF
1 Stephane Da Costa Gabriel Bourque 60 1 2 2
2 Nick Foligno Johannes Salmonsson 40 1 2 2
4 vs 4 Defense
Defense Defense Time % Phy DF OF
1 Arturs Kulda Olli Maatta 60 1 2 2
2 Samuel Morin Scott Harrington 40 1 2 2
Last Minutes Offensive
Center Left Wing Right Wing Defense Defense
Stephane Da Costa Gabriel Bourque Marc-André Bernier Arturs Kulda Olli Maatta
Last Minutes Defensive
Center Left Wing Right Wing Defense Defense
Stephane Da Costa Gabriel Bourque Marc-André Bernier Arturs Kulda Olli Maatta
Goaltenders
Starting : Brad Thiessen
Backup : Ben Bishop
Extra Forwards
Normal : Tomas Jurco, Zemgus Girgensons, Phil Di Giuseppe - PP : Tomas Jurco, Zemgus Girgensons - PK : Phil Di Giuseppe
Extra Defensemen
Normal : Keegan Lowe, Mason Geertsen, Samuel Morin - PP : Keegan Lowe - PK : Mason Geertsen, Samuel Morin
Penalty Shots
Stephane Da Costa, Gabriel Bourque, Nick Foligno, Johannes Salmonsson, Marc-André Bernier
Scratches
Andy Andreoff (Healthy), Grant Besse (Healthy), Dylan Blujus (Healthy), Brett Bulmer (Healthy), Blake Coleman (Healthy)
Mustangs
5 vs 5 Forward
Center Left Wing Right Wing Time % Phy DF OF
1 Jim O'Brien Teuvo Teravainen Andrew Shaw 40 1 2 2
2 Stefan Matteau Joshua Leivo Josh Jooris 30 1 2 2
3 Riley Nash JT Compher Jerome Samson 20 1 2 2
4 Michael McCarron Curtis Hamilton Max Gortz 10 1 2 2
5 vs 5 Defense
Defense Defense Time % Phy DF OF
1 Brady Skjei Damon Severson 44 1 2 2
2 Alexei Marchenko Mark Pysyk 33 1 2 2
3 Derek Joslin Scott Mayfield 23 1 2 2
4 Brady Skjei Damon Severson 0 1 2 2
PowerPlay Forward
Center Left Wing Right Wing Time % Phy DF OF
1 Jim O'Brien Teuvo Teravainen Andrew Shaw 60 1 2 2
2 Stefan Matteau Joshua Leivo Josh Jooris 40 1 2 2
PowerPlay Defense
Defense Defense Time % Phy DF OF
1 Brady Skjei Damon Severson 60 1 2 2
2 Alexei Marchenko Mark Pysyk 40 1 2 2
Penalty Kill 4 Players Forward
Center Wing Time % Phy DF OF
1 Jim O'Brien Josh Jooris 60 1 2 2
2 Stefan Matteau Andrew Shaw 40 1 2 2
Penalty Kill 4 Players Defense
Defense Defense Time % Phy DF OF
1 Brady Skjei Damon Severson 60 1 2 2
2 Alexei Marchenko Mark Pysyk 40 1 2 2
Penalty Kill - 3 Players Forward
Forward Time % Phy DF OF
1 Jim O'Brien 60 1 2 2
2 Stefan Matteau 40 1 2 2
Penalty Kill - 3 Players Defense
Defense Defense Time % Phy DF OF
1 Brady Skjei Damon Severson 60 1 2 2
2 Alexei Marchenko Mark Pysyk 40 1 2 2
4 vs 4 Forward
Center Wing Time % Phy DF OF
1 Jim O'Brien Teuvo Teravainen 60 1 2 2
2 Stefan Matteau Josh Jooris 40 1 2 2
4 vs 4 Defense
Defense Defense Time % Phy DF OF
1 Brady Skjei Damon Severson 60 1 2 2
2 Alexei Marchenko Mark Pysyk 40 1 2 2
Last Minutes Offensive
Center Left Wing Right Wing Defense Defense
Jim O'Brien Teuvo Teravainen Andrew Shaw Brady Skjei Damon Severson
Last Minutes Defensive
Center Left Wing Right Wing Defense Defense
Jim O'Brien Teuvo Teravainen Josh Jooris Brady Skjei Alexei Marchenko
Goaltenders
Starting : Joacim Eriksson
Backup : Chet Pickard
Extra Forwards
Normal : Jim O'Brien, Stefan Matteau, Riley Nash - PP : Teuvo Teravainen, Josh Jooris - PK : Josh Jooris
Extra Defensemen
Normal : Brady Skjei, Alexei Marchenko, Derek Joslin - PP : Brady Skjei - PK : Brady Skjei, Alexei Marchenko
Penalty Shots
Jim O'Brien, Teuvo Teravainen, Josh Jooris, Joshua Leivo, Stefan Matteau
Scratches
Ryan Graves (Healthy), Eric Knodel (Healthy), Matthew Finn (Healthy), Pascal Dupuis (Healthy), Danny Biega (Healthy)
Ben Harpur (Healthy), Kurtis Gabriel (Healthy), Raphael Bussieres (Healthy), Dakota Mermis (Healthy), Sam Kurker (Healthy)
Francis Paré (Healthy), Anthony Stolarz (Healthy)
% Time on Ice - Senators
Lines # - Real PCT - Wanted PCT - Time Play
Normal Forward
1 - 36% - 40% - 15:41
2 - 27% - 30% - 11:38
3 - 21% - 20% - 9:18
4 - 16% - 10% - 6:57
Normal Defense
1 - 40% - 40% - 17:33
2 - 28% - 30% - 12:19
3 - 28% - 20% - 12:15
4 - 3% - 10% - 1:27
PP Forward
1 - 53% - 60% - 5:14
2 - 47% - 40% - 4:41
PP Defense
1 - 49% - 60% - 4:52
2 - 51% - 40% - 5:03
PK Forward
1 - 88% - 60% - 5:46
2 - 12% - 40% - 0:45
PK Defense
1 - 64% - 60% - 4:11
2 - 36% - 40% - 2:20
PK3 Forward
1 - 0% - 60%
2 - 0% - 40%
PK3 Defense
1 - 0% - 60%
2 - 0% - 40%
44 Forward
1 - 0% - 60%
2 - 0% - 40%
44 Defense
1 - 0% - 60%
2 - 0% - 40%
Last Minute Offensive - 0:00
Last Minute Defensive - 0:00
Total
Forward - 60:00
Defense - 60:00
|
% Time on Ice - Mustangs
Lines # - Real PCT - Wanted PCT - Time Play
Normal Forward
1 - 36% - 40% - 15:28
2 - 27% - 30% - 11:35
3 - 21% - 20% - 9:10
4 - 17% - 10% - 7:21
Normal Defense
1 - 45% - 44% - 19:42
2 - 33% - 33% - 14:10
3 - 22% - 23% - 9:42
4 - 0% - 0% - 0:00
PP Forward
1 - 54% - 60% - 3:33
2 - 46% - 40% - 2:58
PP Defense
1 - 58% - 60% - 3:46
2 - 42% - 40% - 2:45
PK Forward
1 - 78% - 60% - 7:47
2 - 22% - 40% - 2:08
PK Defense
1 - 56% - 60% - 5:36
2 - 44% - 40% - 4:19
PK3 Forward
1 - 0% - 60%
2 - 0% - 40%
PK3 Defense
1 - 0% - 60%
2 - 0% - 40%
44 Forward
1 - 0% - 60%
2 - 0% - 40%
44 Defense
1 - 0% - 60%
2 - 0% - 40%
Last Minute Offensive - 0:00
Last Minute Defensive - 0:00
Total
Forward - 60:00
Defense - 60:00
|
Play-by-Play
1st period
0:01 of 1st period - Jim O'Brien wins face-off versus Stephane Da Costa in neutral zone.
0:04 of 1st period - Slapshot by Damon Severson.
0:04 of 1st period - Deflect By Olli Maatta.
0:04 of 1st period - Stopped by Brad Thiessen with a rebound.
0:28 of 1st period - Slapshot by Damon Severson.
0:28 of 1st period - Stopped by Brad Thiessen without a rebound.
0:29 of 1st period - Tommy Wingels wins face-off versus Stefan Matteau in Senators zone.
0:43 of 1st period - Off-side.
0:44 of 1st period - Zemgus Girgensons wins face-off versus Riley Nash in neutral zone.
1:18 of 1st period - Backhand shot by Phil Di Giuseppe.
1:18 of 1st period - Shot Blocked by Derek Joslin.
1:40 of 1st period - Snap shot by Teuvo Teravainen.
1:40 of 1st period - Stopped by Brad Thiessen without a rebound.
1:41 of 1st period - Stefan Matteau wins face-off versus Tommy Wingels in Senators zone.
2:06 of 1st period - Teuvo Teravainen is hit by Marc-André Bernier and loses puck.
2:25 of 1st period - Wrist shot by Phil Di Giuseppe.
2:25 of 1st period - Stopped by Joacim Eriksson with a rebound.
2:27 of 1st period - Slapshot by Olli Maatta.
2:27 of 1st period - Stopped by Joacim Eriksson without a rebound.
2:28 of 1st period - Chandler Stephenson wins face-off versus Riley Nash in Mustangs zone.
2:29 of 1st period - Snap shot by Phil Di Giuseppe.
2:29 of 1st period - Shot Misses the Net.
3:50 of 1st period - Icing by Damon Severson.
3:51 of 1st period - Chandler Stephenson wins face-off versus Michael McCarron in Mustangs zone.
4:04 of 1st period - Wrist shot by Nick Foligno.
4:04 of 1st period - Stopped by Joacim Eriksson with a rebound.
4:19 of 1st period - Damon Severson is hit by Matt Frattin and loses puck.
5:32 of 1st period - Snap shot by Tommy Wingels.
5:32 of 1st period - Stopped by Joacim Eriksson without a rebound.
5:33 of 1st period - Stephane Da Costa wins face-off versus Jim O'Brien in Mustangs zone.
6:07 of 1st period - Wrist shot by Josh Jooris.
6:07 of 1st period - Shot Misses the Net.
6:27 of 1st period - Slapshot by Phil Di Giuseppe.
6:27 of 1st period - Stopped by Joacim Eriksson with a rebound.
7:18 of 1st period - Icing by Mark Pysyk.
7:19 of 1st period - Stefan Matteau wins face-off versus Chandler Stephenson in Mustangs zone.
7:56 of 1st period - Olli Maatta is hit by Derek Joslin and loses puck.
8:09 of 1st period - Marc-André Bernier is hit by Alexei Marchenko and loses puck.
8:16 of 1st period - Snap shot by Stefan Matteau.
8:16 of 1st period - Deflect By Olli Maatta.
8:16 of 1st period - Shot Misses the Net.
8:16 of 1st period - Puck is out of play.
8:17 of 1st period - Zemgus Girgensons wins face-off versus Teuvo Teravainen in Senators zone.
8:17 of 1st period - Zemgus Girgensons is hit by Alexei Marchenko.
8:33 of 1st period - Slapshot by Johannes Salmonsson.
8:33 of 1st period - Shot Blocked by Alexei Marchenko.
8:55 of 1st period - Slapshot by Joshua Leivo.
8:55 of 1st period - Stopped by Brad Thiessen with a rebound.
9:13 of 1st period - Snap shot by Jerome Samson.
9:13 of 1st period - Shot Blocked by Mason Geertsen.
9:15 of 1st period - Snap shot by Riley Nash.
9:15 of 1st period - Goal by Riley Nash - Senators : 0 - Mustangs : 1.
9:16 of 1st period - Gabriel Bourque wins face-off versus Andrew Shaw in neutral zone.
9:41 of 1st period - Olli Maatta is hit by Damon Severson and loses puck.
9:48 of 1st period - Slapshot by Josh Jooris.
9:48 of 1st period - Stopped by Brad Thiessen without a rebound.
9:49 of 1st period - Stephane Da Costa wins face-off versus Stefan Matteau in Senators zone.
10:10 of 1st period - Minor Penalty to Stephane Da Costa for Holding.
10:11 of 1st period - Jim O'Brien wins face-off versus Phil Di Giuseppe in Senators zone.
10:12 of 1st period - Slapshot by Teuvo Teravainen.
10:12 of 1st period - Shot Blocked by Arturs Kulda.
10:14 of 1st period - Snap shot by Jim O'Brien.
10:14 of 1st period - Shot Misses the Net.
10:16 of 1st period - Snap shot by Jim O'Brien.
10:16 of 1st period - Stopped by Brad Thiessen with a rebound.
10:18 of 1st period - Slapshot by Teuvo Teravainen.
10:18 of 1st period - Goal by Teuvo Teravainen - Senators : 0 - Mustangs : 2.
10:19 of 1st period - Stephane Da Costa wins face-off versus Jim O'Brien in neutral zone.
10:30 of 1st period - Snap shot by Stephane Da Costa.
10:30 of 1st period - Deflect By Andrew Shaw.
10:30 of 1st period - Stopped by Joacim Eriksson without a rebound.
10:31 of 1st period - Jim O'Brien wins face-off versus Stephane Da Costa in Mustangs zone.
10:36 of 1st period - Olli Maatta is hit by Jim O'Brien and loses puck.
11:21 of 1st period - Wrist shot by Riley Nash.
11:21 of 1st period - Shot Blocked by Matt Frattin.
11:40 of 1st period - Wrist shot by Sebastian Wannstrom.
11:40 of 1st period - Shot Misses the Net.
11:50 of 1st period - Snap shot by Joshua Leivo.
11:50 of 1st period - Stopped by Brad Thiessen with a rebound.
12:43 of 1st period - Wrist shot by Nick Foligno.
12:43 of 1st period - Shot Blocked by Derek Joslin.
12:49 of 1st period - Nick Foligno is hit by Stefan Matteau and loses puck.
13:38 of 1st period - Wrist shot by Zemgus Girgensons.
13:38 of 1st period - Shot Blocked by Alexei Marchenko.
13:58 of 1st period - Derek Joslin is hit by Matt Frattin and loses puck.
14:20 of 1st period - Arturs Kulda is hit by Stefan Matteau and loses puck.
14:39 of 1st period - Johannes Salmonsson is hit by Scott Mayfield and loses puck.
14:46 of 1st period - Slapshot by Brady Skjei.
14:46 of 1st period - Stopped by Brad Thiessen without a rebound.
14:47 of 1st period - Jim O'Brien wins face-off versus Tommy Wingels in Senators zone.
15:33 of 1st period - Slapshot by Alexei Marchenko.
15:33 of 1st period - Deflect By JT Compher.
15:33 of 1st period - Shot Misses the Net.
15:33 of 1st period - Puck is out of play.
15:34 of 1st period - Zemgus Girgensons wins face-off versus Riley Nash in Senators zone.
15:59 of 1st period - Olli Maatta is hit by Riley Nash and loses puck.
16:16 of 1st period - Snap shot by Jerome Samson.
16:16 of 1st period - Stopped by Brad Thiessen without a rebound.
16:17 of 1st period - Stephane Da Costa wins face-off versus Jim O'Brien in Senators zone.
16:26 of 1st period - Slapshot by Andrew Shaw.
16:26 of 1st period - Shot Misses the Net.
16:50 of 1st period - Wrist shot by Stefan Matteau.
16:50 of 1st period - Deflect By Josh Jooris.
16:50 of 1st period - Shot Misses the Net.
16:50 of 1st period - Puck is out of play.
16:51 of 1st period - Jim O'Brien wins face-off versus Stephane Da Costa in Senators zone.
16:52 of 1st period - Slapshot by Teuvo Teravainen.
16:52 of 1st period - Goal by Teuvo Teravainen - Senators : 0 - Mustangs : 3.
16:53 of 1st period - Jim O'Brien wins face-off versus Stephane Da Costa in neutral zone.
16:58 of 1st period - Slapshot by Damon Severson.
16:58 of 1st period - Shot Misses the Net.
17:04 of 1st period - Snap shot by Jim O'Brien.
17:04 of 1st period - Stopped by Brad Thiessen without a rebound.
17:05 of 1st period - Stephane Da Costa wins face-off versus Jim O'Brien in Senators zone.
17:27 of 1st period - Minor Penalty to Andrew Shaw for Interference.
17:28 of 1st period - Stephane Da Costa wins face-off versus Jim O'Brien in Mustangs zone.
17:41 of 1st period - Stephane Da Costa is hit by Josh Jooris and loses puck.
18:04 of 1st period - Wrist shot by Matt Frattin.
18:04 of 1st period - Shot Misses the Net.
19:14 of 1st period - Slapshot by Mark Pysyk.
19:14 of 1st period - Goal by Mark Pysyk - Senators : 0 - Mustangs : 4.
19:14 of 1st period - Ben Bishop enters game.
19:15 of 1st period - Jim O'Brien wins face-off versus Stephane Da Costa in neutral zone.
19:27 of 1st period - Penalty to Andrew Shaw is over, Andrew Shaw is back on ice.
19:38 of 1st period - Nick Foligno is hit by Damon Severson and loses puck.
Goals for this period are 0 for Senators vs 4 for Mustangs.
Shots for this period are 6 for Senators vs 14 for Mustangs.
2nd period
0:01 of 2nd period - Jim O'Brien wins face-off versus Stephane Da Costa in neutral zone.
0:05 of 2nd period - Off-side.
0:06 of 2nd period - Stephane Da Costa wins face-off versus Jim O'Brien in neutral zone.
0:09 of 2nd period - Snap shot by Arturs Kulda.
0:09 of 2nd period - Deflect By Stephane Da Costa.
0:09 of 2nd period - Stopped by Joacim Eriksson without a rebound.
0:10 of 2nd period - Stephane Da Costa wins face-off versus Jim O'Brien in Mustangs zone.
0:19 of 2nd period - Snap shot by Stephane Da Costa.
0:19 of 2nd period - Deflect By Teuvo Teravainen.
0:19 of 2nd period - Stopped by Joacim Eriksson with a rebound.
0:25 of 2nd period - Marc-André Bernier is hit by Andrew Shaw and loses puck.
0:56 of 2nd period - Wrist shot by Andrew Shaw.
0:56 of 2nd period - Shot Blocked by Stephane Da Costa.
0:58 of 2nd period - Wrist shot by Mark Pysyk.
0:58 of 2nd period - Shot Blocked by Arturs Kulda.
1:00 of 2nd period - Wrist shot by Jim O'Brien.
1:00 of 2nd period - Goal by Jim O'Brien - Senators : 0 - Mustangs : 5.
1:01 of 2nd period - Tommy Wingels wins face-off versus Stefan Matteau in neutral zone.
1:04 of 2nd period - Snap shot by Nick Foligno.
1:04 of 2nd period - Stopped by Joacim Eriksson with a rebound.
1:12 of 2nd period - Slapshot by Brady Skjei.
1:12 of 2nd period - Shot Blocked by Scott Harrington.
1:36 of 2nd period - Slapshot by Matt Frattin.
1:36 of 2nd period - Shot Misses the Net.
1:48 of 2nd period - Wrist shot by Nick Foligno.
1:48 of 2nd period - Shot Misses the Net.
1:50 of 2nd period - Snap shot by Matt Frattin.
1:50 of 2nd period - Stopped by Joacim Eriksson with a rebound.
1:52 of 2nd period - Snap shot by Scott Harrington.
1:52 of 2nd period - Goal by Scott Harrington - Senators : 1 - Mustangs : 5.
1:53 of 2nd period - Stefan Matteau wins face-off versus Stephane Da Costa in neutral zone.
2:00 of 2nd period - Snap shot by Josh Jooris.
2:00 of 2nd period - Stopped by Ben Bishop without a rebound.
2:01 of 2nd period - Stefan Matteau wins face-off versus Stephane Da Costa in Senators zone.
2:10 of 2nd period - Backhand shot by Brady Skjei.
2:10 of 2nd period - Shot Misses the Net.
2:22 of 2nd period - Arturs Kulda is hit by Stefan Matteau and loses puck.
2:44 of 2nd period - Snap shot by Stefan Matteau.
2:44 of 2nd period - Stopped by Ben Bishop with a rebound.
2:46 of 2nd period - Slapshot by Brady Skjei.
2:46 of 2nd period - Deflect By Stefan Matteau.
2:46 of 2nd period - Shot Misses the Net.
2:46 of 2nd period - Puck is out of play.
2:47 of 2nd period - Tommy Wingels wins face-off versus Jim O'Brien in Senators zone.
2:47 of 2nd period - Tommy Wingels is hit by Andrew Shaw.
3:07 of 2nd period - Minor Penalty to Jim O'Brien for Hooking.
3:08 of 2nd period - Stefan Matteau wins face-off versus Stephane Da Costa in Mustangs zone.
3:54 of 2nd period - Alexei Marchenko is hit by Gabriel Bourque and loses puck.
5:07 of 2nd period - Penalty to Jim O'Brien is over, Jim O'Brien is back on ice.
5:10 of 2nd period - Brady Skjei is hit by Zemgus Girgensons and loses puck.
5:36 of 2nd period - Slapshot by Riley Nash.
5:36 of 2nd period - Shot Blocked by Phil Di Giuseppe.
6:01 of 2nd period - Zemgus Girgensons is hit by Alexei Marchenko and loses puck.
6:32 of 2nd period - Snap shot by Curtis Hamilton.
6:32 of 2nd period - Stopped by Ben Bishop with a rebound.
6:34 of 2nd period - Slapshot by Alexei Marchenko.
6:34 of 2nd period - Stopped by Ben Bishop with a rebound.
6:52 of 2nd period - Jim O'Brien is hit by Mason Geertsen and loses puck.
7:55 of 2nd period - Wrist shot by Josh Jooris.
7:55 of 2nd period - Stopped by Ben Bishop without a rebound.
7:56 of 2nd period - Stefan Matteau wins face-off versus Zemgus Girgensons in Senators zone.
8:21 of 2nd period - Slapshot by Derek Joslin.
8:21 of 2nd period - Shot Misses the Net.
8:23 of 2nd period - Slapshot by Derek Joslin.
8:23 of 2nd period - Stopped by Ben Bishop with a rebound.
8:25 of 2nd period - Slapshot by Derek Joslin.
8:25 of 2nd period - Deflect By Andrew Shaw.
8:25 of 2nd period - Goal by Andrew Shaw - Senators : 1 - Mustangs : 6.
8:26 of 2nd period - Stephane Da Costa wins face-off versus Jim O'Brien in neutral zone.
8:28 of 2nd period - Minor Penalty to Olli Maatta for Holding.
8:29 of 2nd period - Stephane Da Costa wins face-off versus Jim O'Brien in Senators zone.
10:28 of 2nd period - Penalty to Olli Maatta is over, Olli Maatta is back on ice.
10:36 of 2nd period - Minor Penalty to Arturs Kulda for High sticking.
10:37 of 2nd period - Stefan Matteau wins face-off versus Stephane Da Costa in Senators zone.
10:58 of 2nd period - Gabriel Bourque is hit by Teuvo Teravainen.
11:52 of 2nd period - Stephane Da Costa is hit by Mark Pysyk and loses puck.
12:36 of 2nd period - Penalty to Arturs Kulda is over, Arturs Kulda is back on ice.
12:40 of 2nd period - Mason Geertsen is hit by Brady Skjei and loses puck.
13:12 of 2nd period - Michael McCarron is hit by Sebastian Wannstrom and loses puck.
13:31 of 2nd period - Scott Mayfield is hit by Samuel Morin and loses puck.
14:17 of 2nd period - Curtis Hamilton is hit by Marc-André Bernier and loses puck.
14:28 of 2nd period - Snap shot by Curtis Hamilton.
14:28 of 2nd period - Goal by Curtis Hamilton - Senators : 1 - Mustangs : 7.
14:29 of 2nd period - Jim O'Brien wins face-off versus Stephane Da Costa in neutral zone.
14:56 of 2nd period - Slapshot by Josh Jooris.
14:56 of 2nd period - Stopped by Ben Bishop with a rebound.
14:58 of 2nd period - Slapshot by Scott Mayfield.
14:58 of 2nd period - Deflect By Matt Frattin.
14:58 of 2nd period - Stopped by Ben Bishop without a rebound.
14:59 of 2nd period - Stefan Matteau wins face-off versus Tommy Wingels in Senators zone.
15:02 of 2nd period - Wrist shot by Stefan Matteau.
15:02 of 2nd period - Stopped by Ben Bishop with a rebound.
15:04 of 2nd period - Snap shot by Scott Mayfield.
15:04 of 2nd period - Shot Misses the Net.
15:06 of 2nd period - Slapshot by Derek Joslin.
15:06 of 2nd period - Stopped by Ben Bishop without a rebound.
15:07 of 2nd period - Stephane Da Costa wins face-off versus Jim O'Brien in Senators zone.
15:23 of 2nd period - Wrist shot by Gabriel Bourque.
15:23 of 2nd period - Goal by Gabriel Bourque - Senators : 2 - Mustangs : 7.
15:24 of 2nd period - Stephane Da Costa wins face-off versus Jim O'Brien in neutral zone.
15:51 of 2nd period - Stefan Matteau is hit by Nick Foligno and loses puck.
16:10 of 2nd period - Slapshot by Johannes Salmonsson.
16:10 of 2nd period - Shot Misses the Net.
16:32 of 2nd period - Snap shot by Teuvo Teravainen.
16:32 of 2nd period - Stopped by Ben Bishop with a rebound.
16:34 of 2nd period - Snap shot by Jim O'Brien.
16:34 of 2nd period - Shot Misses the Net.
16:36 of 2nd period - Snap shot by Andrew Shaw.
16:36 of 2nd period - Shot Blocked by Arturs Kulda.
16:38 of 2nd period - Snap shot by Andrew Shaw.
16:38 of 2nd period - Stopped by Ben Bishop without a rebound.
16:39 of 2nd period - Gabriel Bourque wins face-off versus Stefan Matteau in Senators zone.
17:04 of 2nd period - Andrew Shaw is hit by Samuel Morin and loses puck.
17:35 of 2nd period - Slapshot by Johannes Salmonsson.
17:35 of 2nd period - Deflect By Tomas Jurco.
17:35 of 2nd period - Shot Misses the Net.
17:35 of 2nd period - Puck is out of play.
17:36 of 2nd period - Stephane Da Costa wins face-off versus Jim O'Brien in Mustangs zone.
17:37 of 2nd period - Snap shot by Gabriel Bourque.
17:37 of 2nd period - Shot Misses the Net.
17:46 of 2nd period - Off-side.
17:47 of 2nd period - Jim O'Brien wins face-off versus Stephane Da Costa in neutral zone.
18:34 of 2nd period - Icing by Mark Pysyk.
18:35 of 2nd period - Riley Nash wins face-off versus Zemgus Girgensons in Mustangs zone.
19:26 of 2nd period - Wrist shot by Josh Jooris.
19:26 of 2nd period - Stopped by Ben Bishop without a rebound.
19:27 of 2nd period - Tommy Wingels wins face-off versus Stefan Matteau in Senators zone.
19:54 of 2nd period - Olli Maatta is hit by Teuvo Teravainen and loses puck.
Goals for this period are 2 for Senators vs 3 for Mustangs.
Shots for this period are 6 for Senators vs 16 for Mustangs.
3rd period
0:01 of 3rd period - Jim O'Brien wins face-off versus Stephane Da Costa in neutral zone.
0:12 of 3rd period - Slapshot by Stephane Da Costa.
0:12 of 3rd period - Shot Hit the Post.
0:14 of 3rd period - Slapshot by Scott Harrington.
0:14 of 3rd period - Stopped by Joacim Eriksson with a rebound.
0:16 of 3rd period - Slapshot by Marc-André Bernier.
0:16 of 3rd period - Deflect By Gabriel Bourque.
0:16 of 3rd period - Stopped by Joacim Eriksson without a rebound.
0:17 of 3rd period - Stefan Matteau wins face-off versus Tommy Wingels in Mustangs zone.
0:40 of 3rd period - Minor Penalty to Stefan Matteau for Hooking.
0:41 of 3rd period - Gabriel Bourque wins face-off versus Jim O'Brien in Mustangs zone.
0:56 of 3rd period - Snap shot by Stephane Da Costa.
0:56 of 3rd period - Shot Misses the Net.
2:40 of 3rd period - Penalty to Stefan Matteau is over, Stefan Matteau is back on ice.
3:05 of 3rd period - Slapshot by Joshua Leivo.
3:05 of 3rd period - Shot Misses the Net.
3:07 of 3rd period - Snap shot by Michael McCarron.
3:07 of 3rd period - Shot Blocked by Tomas Jurco.
3:09 of 3rd period - Backhand shot by Joshua Leivo.
3:09 of 3rd period - Shot Blocked by Tomas Jurco.
3:11 of 3rd period - Wrist shot by Brady Skjei.
3:11 of 3rd period - Shot Misses the Net.
3:13 of 3rd period - Snap shot by Stefan Matteau.
3:13 of 3rd period - Stopped by Ben Bishop without a rebound.
3:14 of 3rd period - Riley Nash wins face-off versus Chandler Stephenson in Senators zone.
3:21 of 3rd period - Snap shot by Riley Nash.
3:21 of 3rd period - Shot Misses the Net.
3:23 of 3rd period - Slapshot by Jerome Samson.
3:23 of 3rd period - Deflect By JT Compher.
3:23 of 3rd period - Shot Misses the Net.
3:23 of 3rd period - Puck is out of play.
3:24 of 3rd period - Riley Nash wins face-off versus Chandler Stephenson in Senators zone.
3:31 of 3rd period - Slapshot by Jerome Samson.
3:31 of 3rd period - Shot Misses the Net.
3:33 of 3rd period - Backhand shot by Riley Nash.
3:33 of 3rd period - Stopped by Ben Bishop with a rebound.
3:43 of 3rd period - Snap shot by Jerome Samson.
3:43 of 3rd period - Shot Blocked by Phil Di Giuseppe.
3:45 of 3rd period - Snap shot by JT Compher.
3:45 of 3rd period - Stopped by Ben Bishop with a rebound.
3:47 of 3rd period - Wrist shot by Jerome Samson.
3:47 of 3rd period - Shot Misses the Net.
3:49 of 3rd period - Wrist shot by Jerome Samson.
3:49 of 3rd period - Goal by Jerome Samson - Senators : 2 - Mustangs : 8.
3:50 of 3rd period - Jim O'Brien wins face-off versus Stephane Da Costa in neutral zone.
3:56 of 3rd period - Minor Penalty to Gabriel Bourque for Interference.
3:57 of 3rd period - Jim O'Brien wins face-off versus Stephane Da Costa in Senators zone.
4:23 of 3rd period - Olli Maatta is hit by Damon Severson.
4:33 of 3rd period - Wrist shot by Phil Di Giuseppe.
4:33 of 3rd period - Shot Misses the Net.
4:35 of 3rd period - Snap shot by Phil Di Giuseppe.
4:35 of 3rd period - Stopped by Joacim Eriksson without a rebound.
4:36 of 3rd period - Jim O'Brien wins face-off versus Stephane Da Costa in Mustangs zone.
5:56 of 3rd period - Penalty to Gabriel Bourque is over, Gabriel Bourque is back on ice.
6:42 of 3rd period - Gabriel Bourque is hit by Jim O'Brien and loses puck.
6:55 of 3rd period - Snap shot by Riley Nash.
6:55 of 3rd period - Stopped by Ben Bishop with a rebound.
9:26 of 3rd period - Mark Pysyk is hit by Phil Di Giuseppe and loses puck.
9:39 of 3rd period - Jerome Samson is hit by Scott Harrington and loses puck.
9:50 of 3rd period - Damon Severson is hit by Zemgus Girgensons and loses puck.
10:17 of 3rd period - Minor Penalty to Joshua Leivo for Hooking.
10:18 of 3rd period - Jim O'Brien wins face-off versus Stephane Da Costa in Mustangs zone.
10:28 of 3rd period - Off-side.
10:29 of 3rd period - Stephane Da Costa wins face-off versus Jim O'Brien in neutral zone.
10:42 of 3rd period - Wrist shot by Stephane Da Costa.
10:42 of 3rd period - Stopped by Joacim Eriksson with a rebound.
10:44 of 3rd period - Snap shot by Stephane Da Costa.
10:44 of 3rd period - Stopped by Joacim Eriksson with a rebound.
11:18 of 3rd period - Jim O'Brien is hit by Nick Foligno and loses puck.
11:30 of 3rd period - Icing by Samuel Morin.
11:31 of 3rd period - Stefan Matteau wins face-off versus Tommy Wingels in Senators zone.
11:55 of 3rd period - Damon Severson is hit by Stephane Da Costa and loses puck.
12:02 of 3rd period - Wrist shot by Gabriel Bourque.
12:02 of 3rd period - Stopped by Joacim Eriksson without a rebound.
12:03 of 3rd period - Josh Jooris wins face-off versus Stephane Da Costa in Mustangs zone.
12:17 of 3rd period - Penalty to Joshua Leivo is over, Joshua Leivo is back on ice.
12:28 of 3rd period - Andrew Shaw is hit by Arturs Kulda.
12:34 of 3rd period - Wrist shot by Andrew Shaw.
12:34 of 3rd period - Stopped by Ben Bishop with a rebound.
12:44 of 3rd period - Slapshot by Andrew Shaw.
12:44 of 3rd period - Shot Misses the Net.
12:46 of 3rd period - Wrist shot by Joshua Leivo.
12:46 of 3rd period - Stopped by Ben Bishop without a rebound.
12:47 of 3rd period - Jerome Samson wins face-off versus Stephane Da Costa in Senators zone.
12:52 of 3rd period - Wrist shot by JT Compher.
12:52 of 3rd period - Stopped by Ben Bishop without a rebound.
12:53 of 3rd period - Jerome Samson wins face-off versus Stephane Da Costa in Senators zone.
13:18 of 3rd period - Backhand shot by Andrew Shaw.
13:18 of 3rd period - Stopped by Ben Bishop with a rebound.
13:20 of 3rd period - Snap shot by Andrew Shaw.
13:20 of 3rd period - Shot Misses the Net.
14:04 of 3rd period - Snap shot by Phil Di Giuseppe.
14:04 of 3rd period - Shot Misses the Net.
14:06 of 3rd period - Slapshot by Mason Geertsen.
14:06 of 3rd period - Shot Misses the Net.
14:08 of 3rd period - Snap shot by Sebastian Wannstrom.
14:08 of 3rd period - Stopped by Joacim Eriksson without a rebound.
14:09 of 3rd period - Jim O'Brien wins face-off versus Stephane Da Costa in Mustangs zone.
14:24 of 3rd period - Snap shot by Gabriel Bourque.
14:24 of 3rd period - Goal by Gabriel Bourque - Senators : 3 - Mustangs : 8.
14:25 of 3rd period - Stephane Da Costa wins face-off versus Jim O'Brien in neutral zone.
14:28 of 3rd period - Slapshot by Olli Maatta.
14:28 of 3rd period - Stopped by Joacim Eriksson without a rebound.
14:29 of 3rd period - Stephane Da Costa wins face-off versus Jim O'Brien in Mustangs zone.
14:44 of 3rd period - Wrist shot by Jim O'Brien.
14:44 of 3rd period - Deflect By Andrew Shaw.
14:44 of 3rd period - Stopped by Ben Bishop with a rebound.
15:04 of 3rd period - Wrist shot by Josh Jooris.
15:04 of 3rd period - Shot Misses the Net.
15:20 of 3rd period - JT Compher is hit by Phil Di Giuseppe and loses puck.
15:29 of 3rd period - Wrist shot by Sebastian Wannstrom.
15:29 of 3rd period - Stopped by Joacim Eriksson with a rebound.
15:49 of 3rd period - Wrist shot by Johannes Salmonsson.
15:49 of 3rd period - Stopped by Joacim Eriksson with a rebound.
16:07 of 3rd period - Wrist shot by Gabriel Bourque.
16:07 of 3rd period - Shot Misses the Net.
16:09 of 3rd period - Wrist shot by Keegan Lowe.
16:09 of 3rd period - Shot Blocked by Brady Skjei.
16:47 of 3rd period - Alexei Marchenko is hit by Olli Maatta and loses puck.
17:02 of 3rd period - Slapshot by Derek Joslin.
17:02 of 3rd period - Shot Blocked by Stephane Da Costa.
17:04 of 3rd period - Wrist shot by Scott Mayfield.
17:04 of 3rd period - Stopped by Ben Bishop without a rebound.
17:05 of 3rd period - Michael McCarron wins face-off versus Stephane Da Costa in Senators zone.
17:11 of 3rd period - Michael McCarron and Marc-André Bernier fight to a draw.
17:11 of 3rd period - Penalty to Michael McCarron for Fighting.
17:11 of 3rd period - Penalty to Marc-André Bernier for Fighting.
17:12 of 3rd period - Teuvo Teravainen wins face-off versus Stephane Da Costa in Mustangs zone.
17:14 of 3rd period - Minor Penalty to Mark Pysyk for Hooking.
17:15 of 3rd period - Jim O'Brien wins face-off versus Stephane Da Costa in Mustangs zone.
17:31 of 3rd period - Wrist shot by Jim O'Brien.
17:31 of 3rd period - Shot Misses the Net.
17:53 of 3rd period - Snap shot by Stefan Matteau.
17:53 of 3rd period - Shot Misses the Net.
18:57 of 3rd period - Joshua Leivo is hit by Samuel Morin and loses puck.
19:14 of 3rd period - Penalty to Mark Pysyk is over, Mark Pysyk is back on ice.
19:33 of 3rd period - Minor Penalty to Mason Geertsen for Slashing.
19:34 of 3rd period - Stephane Da Costa wins face-off versus Jim O'Brien in Senators zone.
19:43 of 3rd period - Gabriel Bourque is hit by Andrew Shaw and loses puck.
Goals for this period are 1 for Senators vs 1 for Mustangs.
Shots for this period are 11 for Senators vs 11 for Mustangs.
Back to the Top